 Dungeon Crawl Stone Soup version 0.23.2-40-g277498a001 (webtiles) character file.

Game seed: 16126612130441264215

5875 DildoBatman the Merchant of Misery (level 11, -5/68 HPs)
             Began as a Formicid Wizard on Sept 27, 2019.
             Was a Believer of Kikubaaqudgha.
             Slain by an orc knight
             ... wielding a +0 glaive
              (11 damage)
             ... in a bailey.
             The game lasted 00:42:45 (8623 turns).

DildoBatman the Merchant of Misery (FoWz)           Turns: 8623, Time: 00:42:46

Health: -5/68      AC: 14    Str: 16    XL:     11   Next: 8%
Magic:  1/21       EV: 11    Int: 22    God:    Kikubaaqudgha [**....]
Gold:   467        SH:  6    Dex: 11    Spells: 12/24 levels left

rFire    . . .     SeeInvis +   a - +2 dagger (venom)
rCold    . . .     Gourm    .   l - +2 buckler
rNeg     . . .     Faith    .   Q - +2 leather armour {rPois}
rPois    +         Spirit   .   (helmet unavailable)
rElec    .         Reflect  .   O - +1 cloak {MR+}
rCorr    .         Harm     .   C - +0 pair of gloves
MR       ++...                  f - +0 pair of boots
Stlth    ++........             (no amulet)
HPRegen  0.21/turn              D - +2 ring of dexterity
MPRegen  0.17/turn              o - +5 ring of protection

@: mighty
A: permanent stasis, dig shafts and tunnels, four strong arms, antennae 3
a: Dig, Shaft Self, Receive Corpses, Renounce Religion


You were in a bailey.
You worshipped Kikubaaqudgha.
Kikubaaqudgha was pleased with you.
You were hungry.

You visited 2 branches of the dungeon, and saw 9 of its levels.
You also visited: Sewer and Bailey.

You collected 467 gold pieces.

Inventory:

Hand Weapons
 a - a +2 dagger of venom (weapon)
 b - a +4 trident of flaming
 d - a +0 blowgun
 e - a +3 dagger of holy wrath
 y - a +0 shortbow
 M - a +1 morningstar of protection
 P - a +1 flail of protection
Missiles
 c - 72 sling bullets
 i - 18 tomahawks
 s - 182 stones (quivered)
 u - 40 poisoned needles
 E - 74 arrows
 I - 19 bolts
 K - 5 poisoned tomahawks
Armour
 f - a +0 pair of boots (worn)
 l - a +2 buckler (worn)
 B - a +2 leather armour of magic resistance
 C - a +0 pair of gloves (worn)
 L - a +2 ring mail of magic resistance
 O - a +1 cloak of magic resistance (worn)
 Q - a +2 leather armour of poison resistance (worn)
Jewellery
 h - an uncursed amulet of guardian spirit
 o - a +5 ring of protection (right hand)
 D - a +2 ring of dexterity (left hand)
Wands
 p - a wand of iceblast (5)
 r - a wand of acid (11)
 A - a wand of random effects (1)
 R - a wand of flame (17)
 S - a wand of paralysis (5)
Scrolls
 k - 2 scrolls of enchant weapon
 m - 3 scrolls of fear {unknown}
 x - 2 scrolls of remove curse
 J - a scroll of magic mapping {unknown}
Potions
 g - 2 potions of curing
 j - 2 potions of heal wounds {unknown}
 n - 2 potions of lignification {unknown}
 q - 6 potions of might
 t - 4 potions of brilliance
 w - 3 potions of haste {unknown}
 F - 2 potions of agility {unknown}
 G - 3 potions of mutation {unknown}
 H - a potion of berserk rage {unknown}
 N - a potion of degeneration {unknown}
 T - a potion of invisibility {unknown}
Comestibles
 v - 17 rations
 z - 3 chunks of flesh


   Skills:
 - Level 4.4 Polearms
 - Level 1.7 Dodging
 - Level 2.4 Stealth
 - Level 3.0 Shields
 - Level 7.0 Spellcasting
 - Level 6.0 Conjurations
   Level 1.0 Summonings
 * Level 7.2 Necromancy
   Level 0.8 Translocations
 - Level 5.0 Fire Magic
 - Level 5.0 Air Magic
 - Level 6.1 Poison Magic


You had 12 spell levels left.
You knew the following spells:

 Your Spells              Type           Power        Failure   Level  Hunger
a - Conjure Flame         Conj/Fire      ####....     3%          3    None
c - Magic Dart            Conj           ####         1%          1    None
d - Vampiric Draining     Necr           #####.....   1%          3    None
e - Mephitic Cloud        Conj/Pois/Air  ####....     3%          3    None
z - Sublimation of Blood  Necr           #####.....   1%          2    None

Your spell library contained the following spells:

 Spells                   Type           Power        Failure   Level  Hunger
 Animate Skeleton         Necr           N/A          1%          1    None
 Pain                     Necr           ####         1%          1    None
 Poisonous Vapours        Pois/Air       ####..       1%          2    None
 Call Imp                 Summ           ##......     10%         2    None
 Slow                     Hex            #.......     16%         2    None
 Freezing Cloud           Conj/Ice/Air   ###.......   98%         6    ######.
 Malign Gateway           Summ/Tloc      ##........   100%        7    #######
 Monstrous Menagerie      Summ           ##........   100%        7    #######
 Ring of Flames           Chrm/Fire      ###.......   100%        7    #######
 Summon Greater Demon     Summ           ##........   100%        7    #######
 Summon Horrible Things   Summ           ##........   100%        8    #######
 Blink                    Tloc           Unusable     N/A         2    N/A

Dungeon Overview and Level Annotations

Branches:
Dungeon (8/15)             Temple (1/1) D:6
   Lair: D:8-11

Altars:
Ashenzari
Cheibriados
Dithmenos
Elyvilon
Fedhas
Gozag
Hepliaklqana
Kikubaaqudgha
Makhleb
Nemelex Xobeh
Okawaru
Ru
Sif Muna
Trog
Uskayaw
Vehumet
Wu Jian
Xom
Yredelemnul
Zin
The Shining One

Shops:
D:6 =%

Annotations:
D:2 exclusion: phantom
D:3 exclusions: crimson imp and 1 more exclusion
D:4 3 runed translucent doors, exclusions: 2 phantoms and 1 more exclusion, Dowan; Duvessa; Kukuleta's ghost, amateur TeAE; Pikel
D:5 2 exclusions


Innate Abilities, Weirdness & Mutations

You cannot be hasted, slowed, berserked, paralysed or teleported.
You can dig through walls and to a lower floor.
Your four strong arms can wield two-handed weapons with a shield.
You have a pair of large antennae on your head. (SInv)


Message History

You feel better.
The orc knight hits you but does no damage.
You feel better.
The orc knight hits you from afar with a +0 glaive!
You feel better. The orc hits you with a +0 hand axe.
The orc knight hits you but does no damage.
Casting: Mephitic Cloud (safe; 3% risk of failure)
Confirm with . or Enter, or press ? or * to list all spells.
Aiming: Mephitic Cloud (safe; 3% risk of failure)
Press: ? - help, Shift-Dir - straight line, f/p - orc knight
Aim: an orc knight, wielding a +0 glaive and wearing a +0 crystal plate armour (almost dead, poisoned)
The ball explodes into a vile cloud!
The stinking cloud engulfs the orc knight but does no damage.
The orc knight is almost dead.
The orc barely misses you.
The orc knight is engulfed in noxious fumes.
The orc knight hits you from afar with a +0 glaive!
You die...
Kikubaaqudgha rasps: "You have failed me!
Welcome... death!"

###### ############
.....## ##........∩.##
......######............#
......#....#..)o@..)....#
......'.))))))☼))).))).∩#
......#.)..#)☼o§.).)....#
......######)...))......#
.....## ##....)...∩.##
###### ############


You could see an orc knight and an orc.

Vanquished Creatures
  A two-headed ogre (D:8)
  3 orc knights (Bailey)
  A hippogriff (D:8)
  Grum (D:6)
  4 slaves
  2 phantoms (Temple)
  10 orc warriors
  2 sky beasts
  2 ogres
  A centaur (D:5)
  A bullfrog (D:5)
  2 gnoll sergeants
  3 scorpions
  12 killer bees
  A howler monkey (D:4)
  A crimson imp (D:8)
  A bullfrog zombie (D:5)
  5 orc priests
  8 hounds
  3 jellies
  A centaur skeleton (D:7)
  A gnoll shaman (D:6)
  2 iguanas
  8 worker ants
  6 orc wizards
  Robin (D:4)
  18 gnolls
  14 adders
  A shadow imp (D:5)
  A worm (D:2)
  4 leopard geckos
  59 orcs
  5 ball pythons
  5 giant cockroaches
  15 goblins
  10 hobgoblins
  12 jackals
  4 quokkas
  8 bats
  11 frilled lizards
  A jackal skeleton (D:4)
  10 kobolds
  A leopard gecko skeleton (D:4)
  5 rats
  2 butterflies (D:2)
  5 plants (Sewer)
274 creatures vanquished.

Vanquished Creatures (collateral kills)
  A killer bee (D:8)
1 creature vanquished.

Vanquished Creatures (others)
  A killer bee (D:8)
  A plant (D:5)
2 creatures vanquished.

Grand Total: 277 creatures vanquished

Notes
Turn   | Place    | Note
-------+----------+-------------------------------------------
     0 | D:1      | DildoBatman the Formicid Wizard began the quest for the
                  | Orb.
     0 | D:1      | Reached XP level 1. HP: 13/13 MP: 4/4
    16 | D:1      | Reached skill level 1 in Conjurations
   221 | D:1      | Reached XP level 2. HP: 19/19 MP: 1/6
   829 | D:2      | Reached XP level 3. HP: 21/24 MP: 1/7
   834 | D:2      | Learned a level 3 spell: Conjure Flame
   838 | D:2      | Learned a level 3 spell: Mephitic Cloud
  1224 | D:2      | Found a shimmering altar of Xom.
  1252 | D:2      | Reached XP level 4. HP: 30/30 MP: 0/8
  1582 | D:2      | Reached XP level 5. HP: 17/35 MP: 1/9
  1885 | D:2      | Reached skill level 1 in Shields
  2145 | D:3      | Found a glowing drain.
  2149 | Sewer    | Entered a sewer
  2454 | Sewer    | Reached XP level 6. HP: 34/41 MP: 6/10
  3576 | D:3      | Reached skill level 5 in Conjurations
  3692 | D:3      | Found a basalt altar of Yredelemnul.
  4020 | D:4      | Reached XP level 7. HP: 23/46 MP: 4/11
  4070 | D:4      | Found an ornate altar of the Wu Jian Council.
  4127 | D:4      | Reached skill level 1 in Poison Magic
  4295 | D:4      | Found a runed translucent gate.
  4295 | D:4      | Found a runed translucent gate.
  4296 | D:4      | Found a runed translucent gate.
  4299 | D:4      | Noticed Kukuleta's ghost (amateur TeAE)
  4314 | D:4      | Noticed Robin
  4333 | D:4      | Killed Robin
  4333 | D:4      | Reached skill level 1 in Fire Magic
  4605 | D:5      | Entered Level 5 of the Dungeon
  4618 | D:5      | Reached skill level 1 in Air Magic
  4739 | D:5      | Reached XP level 8. HP: 39/52 MP: 3/12
  4748 | D:5      | Noticed Pikel
  5043 | D:5      | Noticed Duvessa
  5183 | D:5      | Reached skill level 1 in Polearms
  5578 | D:5      | Noticed Dowan
  5779 | D:5      | Found a hide-covered altar of Uskayaw.
  5786 | D:5      | Found a hazy altar of Hepliaklqana.
  6112 | D:6      | Found a staircase to the Ecumenical Temple.
  6122 | Temple   | Entered the Ecumenical Temple
  6188 | Temple   | Became a worshipper of Kikubaaqudgha
  6209 | Temple   | Reached skill level 5 in Poison Magic
  6316 | Temple   | Reached XP level 9. HP: 46/57 MP: 8/13
  6612 | D:6      | Found Zuixyoc's Jewellery Shoppe.
  6720 | D:6      | Reached skill level 5 in Fire Magic
  6744 | D:6      | Reached * piety under Kikubaaqudgha
  6744 | D:6      | Identified Kikubaaqudgha's Collected Works on Necromancy
                  | (Kikubaaqudgha gifted it to you on level 6 of the Dungeon)
  6744 | D:6      | Received a gift from Kikubaaqudgha
  6750 | D:6      | Learned a level 2 spell: Sublimation of Blood
  6754 | D:6      | Learned a level 3 spell: Vampiric Draining
  6801 | D:6      | Reached skill level 5 in Air Magic
  6860 | D:6      | Noticed Grum
  6875 | D:6      | Killed Grum
  6982 | D:6      | Found Washrylu's Food Boutique.
  7224 | D:7      | Reached skill level 5 in Spellcasting
  7329 | D:7      | Found a glowing golden altar of the Shining One.
  7422 | D:7      | Found a deep blue altar of Sif Muna.
  7710 | D:8      | Noticed a hippogriff
  7728 | D:8      | Killed a hippogriff
  7728 | D:8      | Reached XP level 10. HP: 63/63 MP: 9/19
  7775 | D:8      | Found a flagged portal.
  7808 | D:8      | Noticed a two-headed ogre
  7819 | D:8      | Reached ** piety under Kikubaaqudgha
  7831 | D:8      | Killed a two-headed ogre
  7894 | D:8      | Found a radiant altar of Vehumet.
  7968 | D:8      | Reached skill level 5 in Necromancy
  8001 | Bailey   | Entered a bailey
  8248 | Bailey   | Noticed an orc knight
  8353 | Bailey   | Killed an orc knight
  8409 | Bailey   | Noticed an orc knight
  8474 | Bailey   | Killed an orc knight
  8531 | Bailey   | Noticed an orc knight
  8573 | Bailey   | Reached XP level 11. HP: 61/68 MP: 8/21
  8577 | Bailey   | Noticed an orc knight
  8582 | Bailey   | Killed an orc knight
  8618 | Bailey   | HP: 2/68 [orc knight/+0 glaive (3)]
  8623 | Bailey   | Slain by an orc knight

Skill      XL: |  1  2  3  4  5  6  7  8  9 10 11 |
---------------+----------------------------------+-----
Conjurations   | 1 2 3 4 5 6 |  6.0
Shields        | 3 |  3.0
Poison Magic   | 2 5 6 |  6.1
Fire Magic     | 2 3 5 |  5.0
Air Magic      | 1 3 5 |  5.0
Polearms       | 1 4 |  4.4
Spellcasting   | 6 7 |  7.0
Necromancy     | 6 7 |  7.2
Dodging        | |  1.7
Stealth        | |  2.4
Summonings     | |  1.0
Translocations | |  0.8

Action                   |  1- 3 |  4- 6 |  7- 9 | 10-12 || total
-------------------------+-------+-------+-------+-------++-------
Melee: Short sword       |    11 |       |       |       ||    11
       Dagger            |     2 |   226 |   329 |   123 ||   680
       Trident           |       |       |    30 |    29 ||    59
Throw: Stone             |     2 |       |       |       ||     2
 Cast: Magic Dart        |    69 |   116 |    74 |     4 ||   263
       Mephitic Cloud    |       |     5 |    46 |    34 ||    85
       Conjure Flame     |       |       |     9 |     9 ||    18
 Abil: Dig               |     1 |     7 |    13 |     8 ||    29
Evoke: Wand              |       |       |     4 |    10 ||    14
  Use: Scroll            |       |     2 |     2 |     5 ||     9
       Potion            |       |       |       |     5 ||     5
 Stab: Confused          |       |     1 |    26 |    11 ||    38
       Sleeping          |       |     1 |     1 |       ||     2
       Paralysed         |       |       |       |     7 ||     7
  Eat: Chunk             |     1 |    11 |    18 |     3 ||    33
Armor: Robe              |     6 |    21 |       |       ||    27
       Leather armour    |       |     6 |   111 |    33 ||   150
       Ring mail         |       |       |    20 |       ||    20
Dodge: Dodged            |    16 |    95 |   157 |    57 ||   325
Block: Buckler           |       |    31 |    90 |    36 ||   157
